AoeStats
← Huskarls4

Arena

509075187Analyzed
4v4 RM · 23d ago on Sep 25, 2026· 54m 47s· 8 players
Game mode
Random Map
Map size
Large (8 player)
Population
200
Speed
Normal
Resources
Standard
Victory
Conquest
Starting age
Dark Age
Ending age
Imperial Age
RankedLock teamsTeams togetherTeam positionsShared explorationLock speedFull tech treeHidden civsTurbo modeCheats
Victory
Defeat
🇵🇪 Khmer · Peru
1506
+12
🇬🇧 Turks · United Kingdom
1490
+13
🇪🇸 Wu · Spain
1464
+14
🇬🇧 Celts · United Kingdom
1399
+17
vs
🇦🇺 Armenians · Australia
1429
-14
🇨🇳 Danes · China
1421
-14
🇦🇺 Malians · Australia
1416
-14
🇻🇪 Mongols · Venezuela
1410
-14
RagnarLothbrok
3:29 Loom
10:54 Feudal Age
14:29 Castle Age
12:19 Double-Bit Axe
12:28 Horse Collar
16:00 Heavy Plow
16:27 Bow Saw
20:12 Loom
21:06 Wheelbarrow
20:20 Loom
22:56 Gold Mining
23:41 Loom
24:24 Fletching
27:54 Imperial Age
26:10 Stone Mining
26:37 Fletching
27:45 Forging
27:44 Bodkin Arrow
28:36 Ballistics
28:41 Padded Archer Armor
29:43 Chemistry
29:45 Bloodlines
30:01 Conscription
30:29 Bracer
31:19 Iron Casting
31:09 Leather Archer Armor
31:21 Parthian Tactics
31:33 Clinker Construction
31:34 Masonry
31:44 Onager
32:48 Town Watch
33:09 Husbandry
32:43 Capped Ram
34:56 Siege Onager
35:56 Elite Mangudai
37:29 Light Cavalry
38:46 Drill
38:48 Siege Ram
42:09 Murder Holes
41:48 Heavy Cavalry Archer
42:35 Thumb Ring
46:57 Hoardings
46:16 Hussar
49:02 Blast Furnace
48:07 Scale Barding Armor
49:17 Chain Barding Armor
53:40 Caravan
小刀
12:27 Feudal Age
13:31 Man-at-Arms
13:58 Double-Bit Axe
16:52 Castle Age
15:16 Gold Mining
15:10 Horse Collar
15:34 Arson
15:51 Scale Mail Armor
17:13 Long Swordsman
19:26 Wheelbarrow
24:53 Loom
30:02 Imperial Age
27:21 Pikeman
28:02 Squires
27:47 Gambesons
28:30 Chain Mail Armor
28:26 Forging
30:21 Halberdier
31:11 Onager
33:23 Iron Casting
33:51 Plate Mail Armor
33:52 Elite Varangian Guard
36:44 Blast Furnace
35:34 Fletching
37:09 Siege Onager
39:45 Two-Handed Swordsman
43:31 Bodkin Arrow
43:37 Padded Archer Armor
43:44 Scale Barding Armor
45:20 Stone Mining
46:05 Gold Shaft Mining
46:28 Chain Barding Armor
46:09 Bracer
46:11 Hamask
47:01 Champion
50:33 Bloodlines
50:23 Husbandry
49:44 Light Cavalry
50:52 Elite Skirmisher
52:39 Leather Archer Armor
53:00 Plate Barding Armor
52:57 Ballistics
53:40 Chemistry
JuanWicko
9:01 Feudal Age
9:30 Town Watch
9:33 Horse Collar
9:39 Double-Bit Axe
12:58 Man-at-Arms
14:39 Wheelbarrow
15:33 Forging
19:32 Castle Age
18:12 Stone Mining
21:10 Bow Saw
21:18 Heavy Plow
23:06 Loom
23:55 Fletching
24:44 Guard Tower
29:38 Gold Mining
30:49 Bodkin Arrow
31:11 Treadmill Crane
32:59 Scale Barding Armor
33:29 Iron Casting
33:46 Masonry
36:10 Imperial Age
34:32 Husbandry
34:38 Scale Barding Armor
34:37 Light Cavalry
36:08 Bloodlines
36:37 Fortified Wall
36:29 Heavy Camel Rider
39:22 Chain Barding Armor
51:22 Hand Cart
itodler
11:09 Feudal Age
12:45 Double-Bit Axe
15:19 Castle Age
13:34 Horse Collar
15:13 Wheelbarrow
14:36 Double-Bit Axe
15:35 Wheelbarrow
17:41 Bow Saw
21:06 Heavy Plow
21:40 Town Watch
24:42 Town Patrol
24:43 Gold Mining
24:45 Stone Mining
28:56 Imperial Age
26:21 Loom
28:08 Forging
27:41 Pikeman
28:21 Squires
28:23 Scale Mail Armor
29:59 Hand Cart
29:25 Onager
29:27 Halberdier
30:25 Chain Mail Armor
30:45 Iron Casting
31:17 Elite Composite Bowman
32:30 Plate Mail Armor
31:51 Fletching
32:41 Conscription
34:21 Hoardings
34:54 Blast Furnace
34:15 Masonry
35:07 Chemistry
34:28 Ballistics
33:37 Capped Ram
35:43 Bodkin Arrow
37:05 Siege Ram
37:54 Bracer
37:55 Padded Archer Armor
44:16 Bombard Tower
45:00 Fereters
47:01 Light Cavalry
47:51 Bloodlines
47:42 Husbandry
47:49 Scale Barding Armor
48:11 Guilds
47:53 Cavalier
50:01 Chain Barding Armor
49:57 Leather Archer Armor
53:17 Block Printing
Huskarls4
10:37 Feudal Age
14:41 Castle Age
12:55 Horse Collar
14:42 Double-Bit Axe
23:40 Bow Saw
25:50 Wheelbarrow
25:30 Forging
24:53 Pikeman
26:51 Scale Mail Armor
28:09 Hand Cart
31:48 Imperial Age
31:27 Ballistics
33:45 Chemistry
33:57 Heavy Scorpion
34:54 Masonry
35:50 Conscription
36:01 Fletching
36:06 Loom
36:09 Town Watch
39:22 Halberdier
40:36 Chain Mail Armor
41:21 Iron Casting
41:17 Capped Ram
42:50 Siege Ram
44:05 Plate Mail Armor
44:41 Blast Furnace
53:22 Arson
KLIKELIN
10:20 Feudal Age
13:39 Castle Age
11:26 Horse Collar
11:33 Double-Bit Axe
14:40 Bow Saw
15:28 Loom
20:33 Heavy Plow
22:45 Wheelbarrow
24:44 Gold Mining
24:45 Stone Mining
28:15 Imperial Age
25:59 Town Watch
26:30 Hand Cart
27:10 Gold Shaft Mining
27:41 Town Patrol
28:21 Heavy Scorpion
29:28 Conscription
29:09 Double Crossbow
30:33 Ballistics
30:19 Siege Engineers
31:15 Chemistry
31:07 Husbandry
31:18 Bloodlines
30:29 Light Cavalry
31:25 Forging
31:21 Scale Barding Armor
32:39 Hussar
34:50 Iron Casting
34:36 Chain Barding Armor
37:17 Blast Furnace
40:53 Plate Barding Armor
50:10 Fletching
50:24 Padded Archer Armor
51:04 Stone Shaft Mining
51:01 Crop Rotation
mandrews27
9:29 Loom
11:15 Feudal Age
15:24 Castle Age
13:12 Double-Bit Axe
23:22 Padded Archer Armor
24:53 Horse Collar
28:37 Wheelbarrow
29:03 Stone Mining
29:55 Heavy Plow
30:22 Gold Mining
32:16 Leather Archer Armor
34:53 Hand Cart
39:10 Imperial Age
36:26 Town Watch
39:12 Masonry
39:15 Elite Janissary
40:27 Ring Archer Armor
40:44 Conscription
42:15 Architecture
42:50 Scale Barding Armor
42:55 Forging
42:57 Bloodlines
42:48 Husbandry
44:50 Chain Barding Armor
45:08 Iron Casting
46:13 Plate Barding Armor
47:04 Blast Furnace
48:22 Ballistics
47:43 Treadmill Crane
50:22 Town Patrol
51:41 Heavy Camel Rider
52:18 Fletching
54:31 Bodkin Arrow
55:00 Bow Saw
55:25 Squires
Garabatov
5:01 Loom
10:24 Feudal Age
11:44 Double-Bit Axe
12:38 Horse Collar
18:37 Castle Age
19:49 Bow Saw
20:45 Wheelbarrow
23:10 Town Watch
25:31 Hand Cart
24:51 Pikeman
25:37 Scale Mail Armor
27:38 Gold Mining
28:12 Chain Mail Armor
29:07 Squires
28:32 Man-at-Arms
29:35 Long Swordsman
33:39 Imperial Age
32:25 Forging
32:09 Fletching
33:18 Heavy Plow
32:53 Elite Skirmisher
34:22 Masonry
33:52 Two-Handed Swordsman
33:53 Halberdier
36:08 Chemistry
35:14 Champion
36:30 Scale Barding Armor
37:02 Iron Casting
37:10 Conscription
37:47 Architecture
39:03 Sitting Tiger
40:14 Ballistics
39:34 Treadmill Crane
40:44 Padded Archer Armor
42:19 Plate Mail Armor
45:02 Blast Furnace
48:19 Murder Holes
53:13 Arson
54:34 Two-Man Saw
Connection lost

Rejoining the realm…

Still unreachable

The connection could not be restored.

Session expired

The server has moved on; the page needs a fresh start.